 Dungeon Crawl Stone Soup version 0.32-a0-468-g38b2580584 (webtiles) character file.

Game seed: 1900325311515804805

1432 shadizar the Shield-Bearer (level 8, -4/100 HPs)
             Began as a Gnoll Fighter on Feb 24, 2024.
             Slain by an ogre
             ... wielding a +0 giant club
              (17 damage)
             ... on level 5 of the Dungeon.
             The game lasted 00:06:16 (3727 turns).

shadizar the Shield-Bearer (Gnoll Fighter)          Turns: 3727, Time: 00:06:16

Health: -4/100     AC: 24    Str: 17    XL:     8   Next: 73%
Magic:  13/13      EV:  2    Int:  8    God:
Gold:   219        SH: 13    Dex: 28    Spells: 14/14 levels left

rFire   . . .        z - +9 flail of Quick Death {freeze, ^Drain Will++ Dex+4}
rCold   . . .        c - +0 buckler
rNeg    . . .        f - melded +0 chain mail
rPois   +            y - melded +0 helmet {Int+3}
rElec   .            t - melded +2 cloak
rCorr   .            s - melded +0 pair of gloves
SInv    .            (boots currently unavailable)
Will    +++..        n - amulet of reflection
Stlth   +++          e - +6 ring of dexterity
HPRegen 0.36/turn    o - +6 ring of dexterity
MPRegen 0.13/turn

%: reflection
@: tree-form, enlightened
A: stationary, stasis, torment immunity, boosted hp, (fangs 1), strong nose,
distributed training
a: no special abilities


You were on level 5 of the Dungeon.
You were a tree.
You visited 1 branch of the dungeon, and saw 5 of its levels.

You collected 219 gold pieces.

Inventory:

Hand Weapons
 d - the +3 quarterstaff "Qohed" {vamp, Will+ Int+3}
   (You took it off a kobold on level 3 of the Dungeon)

   Int+3:     It affects your intelligence (+3).
   Will+:     It increases your willpower.
 z - the +9 flail of Quick Death (weapon) {freeze, ^Drain Will++ Dex+4}
   (You took it off an orc priest on level 4 of the Dungeon)

   Dex+4:     It affects your dexterity (+4).
   Will++:    It greatly increases your willpower.
   ^Drain:    It drains your maximum health when unequipped.
 A - the +1 sling of Conformity {speed, rF+ rN+ Str+2}
   (You found it on level 5 of the Dungeon)

   Str+2:     It affects your strength (+2).
   rF+:       It protects you from fire.
   rN+:       It protects you from negative energy.
Armour
 c - a +0 buckler (worn)
 f - a +0 chain mail (melded)
 s - a +0 pair of gloves (melded)
 t - a +2 cloak (melded)
 y - a +0 helmet of intelligence (melded)
Jewellery
 e - a +6 ring of dexterity (left branch)
 n - an amulet of reflection (around neck)
 o - a +6 ring of dexterity (right branch)
 w - an amulet of magic regeneration
Scrolls
 a - a scroll of fear {unknown}
 h - 4 scrolls of teleportation {unknown}
 j - 2 scrolls of identify
 k - a scroll of acquirement {unknown}
 l - a scroll of silence {unknown}
 m - a scroll of enchant weapon {unknown}
 p - 2 scrolls of blinking {unknown}
 r - 2 scrolls of enchant armour {unknown}
 v - 2 scrolls of summoning {unknown}
Potions
 b - a potion of enlightenment
 g - 2 potions of lignification
 i - a potion of cancellation
 q - a potion of resistance {unknown}
 u - a potion of mutation
 x - a potion of ambrosia {unknown}


   Skills:
 + Level 7.6 Fighting
 + Level 3.6 Short Blades
 + Level 3.6 Long Blades
 + Level 5.9 Axes
 + Level 3.6 Maces & Flails
 + Level 3.6 Polearms
 + Level 3.6 Staves
 + Level 3.6 Ranged Weapons
 + Level 3.6 Throwing
 + Level 7.6 Armour
 + Level 3.6 Dodging
 + Level 3.6 Stealth
 + Level 7.6 Shields
 + Level 3.6 Unarmed Combat
 + Level 3.6 Spellcasting
 + Level 3.0 Conjurations
 + Level 3.0 Hexes
 + Level 3.0 Summonings
 + Level 3.0 Necromancy
 + Level 3.0 Translocations
 + Level 3.0 Fire Magic
 + Level 3.0 Ice Magic
 + Level 3.0 Air Magic
 + Level 3.0 Earth Magic
 + Level 3.0 Alchemy
 + Level 4.0 Invocations
 + Level 3.6 Evocations
 + Level 3.3 Shapeshifting


You had 14 spell levels left.
You didn't know any spells.
Your spell library contained the following spells:

 Spells                   Type           Power      Damage    Failure   Level
 Shock                    Conj/Air       24%        1d4       11%         1
 Slow                     Hex            24%        N/A       11%         1
 Jinxbite                 Hex            12%        N/A       16%         2
 Scorch                   Fire           12%        2d5       16%         2
 Confusing Touch          Hex            6%         N/A       32%         3
 Sigil of Binding         Hex            6%         N/A       32%         3
 Swiftness                Air            6%         N/A       32%         3
 Tukima's Dance           Hex            6%         N/A       32%         3
 Vampiric Draining        Necr           6%         2d6       32%         3
 Volatile Blastmotes      Fire/Tloc      12%        2d11      32%         3
 Airstrike                Air            3%         2d(1-17)  71%         4
 Dimensional Bullseye     Hex/Tloc       3%         N/A       71%         4
 Ignite Poison            Fire/Alch      6%         N/A       71%         4
 Iskenderun's Mystic Bla  Conj/Tloc      6%         2d4       71%         4
 Yara's Violent Unravell  Hex/Alch       3%         3d4       96%         5
 Enfeeble                 Hex            3%         N/A       100%        7


Dungeon Overview and Level Annotations

Branches:
Dungeon (5/15)
 Temple: D:4-7

Altars:
Ru
Xom

Shops:
D:1 :   D:5 =


Innate Abilities, Weirdness & Mutations

You are a tree.
Your roots penetrate the ground, keeping you stationary.
You cannot be teleported.
You are immune to unholy pain and torment.
Your maximum health is greatly increased.
Your equipment is partially melded.
((You have very sharp teeth.))
Your uncanny sense of smell can sniff out nearby items.
Your experience applies equally to all skills.


Message History

Your Necromancy skill increases to level 3!
Your Translocations skill increases to level 3!
Your Fire Magic skill increases to level 3!
Your Ice Magic skill increases to level 3!
Your Air Magic skill increases to level 3!
Your Earth Magic skill increases to level 3!
Your Alchemy skill increases to level 3!
Your Invocations skill increases to level 4!
Unknown command.
Unknown command.
Unknown command.
Unknown command.
It was a potion of lignification.
You turn into a tree.
Your +2 cloak melds into your body.
Your +0 helmet of intelligence melds into your body.
Your +0 pair of gloves melds into your body.
Your +0 chain mail melds into your body.
You feel stupid.
Your roots penetrate the ground.
The ogre hits you with a +0 giant club.
* * * LOW HITPOINT WARNING * * *
Unknown command.
Unknown command.
Unknown command.
Unknown command.
Unknown command.
Unknown command.
Unknown command.
It was a potion of enlightenment.
Your roots keep you in place.
Unknown command.
Okay, then.
Okay, then.
Okay, then.
As you read the scroll labelled QEMAUK IDYI, it crumbles to dust.
It is a scroll of identify.
u - a potion of mutation The ogre barely misses you.
As you read the scroll of identify, it crumbles to dust.
i - a potion of cancellation The ogre hits you with a +0 giant club!
You die...

.....# ∆ .....#
.....# ##### ####
.....# #...# #..
.....#####...###.#
...............#.#
...)<............#
...............#O#
...............#♣#
..###.####....##.#
...~..# #....##.#
...~...###.....#..
∆
...≈.......###+###
..#≈#...>..#
..#≈#.....##
..#≈#.##..# ..# #
#^.#


You could see an ogre.

Vanquished Creatures
  Grinder (D:3)
  Sigmund (D:4)
  An ice beast (D:5)
  An ogre (D:4)
  A phantom (D:5)
  A brain worm (D:4)
  A bullfrog (D:5)
  3 scorpions (D:4)
  2 bombardier beetles
  2 orc priests (D:4)
  2 iguanas (D:5)
  Jessica (D:3)
  An orc wizard (D:5)
  A sleepcap (D:5)
  Natasha (thrice) (D:4)
  4 gnolls
  7 adders
  4 dart slugs
  6 orcs
  5 ball pythons
  2 bats (D:1)
  8 endoplasms
  4 giant cockroaches
  6 goblins
  6 hobgoblins
  2 jackals (D:2)
  5 kobolds
  4 quokkas
  3 frilled lizards
  4 rats
92 creatures vanquished.

Notes
Turn   | Place    | Note
-------+----------+-------------------------------------------
     0 | D:1      | shadizar the Gnoll Fighter began the quest for the Orb.
     0 | D:1      | Reached XP level 1. HP: 23/23 MP: 1/1
   193 | D:1      | Reached XP level 2. HP: 29/29 MP: 2/2
   533 | D:1      | Reached XP level 3. HP: 35/35 MP: 3/3
   674 | D:1      | Reached skill level 1 in Invocations
   759 | D:1      | Found Feafreul's Book Shoppe.
   915 | D:2      | Reached skill level 1 in Short Blades
   915 | D:2      | Reached skill level 1 in Long Blades
   915 | D:2      | Reached skill level 1 in Maces & Flails
   915 | D:2      | Reached skill level 1 in Polearms
   915 | D:2      | Reached skill level 1 in Staves
   915 | D:2      | Reached skill level 1 in Ranged Weapons
   915 | D:2      | Reached skill level 1 in Throwing
   915 | D:2      | Reached skill level 1 in Dodging
   915 | D:2      | Reached skill level 1 in Stealth
   915 | D:2      | Reached skill level 1 in Unarmed Combat
   915 | D:2      | Reached skill level 1 in Spellcasting
   915 | D:2      | Reached skill level 1 in Evocations
   939 | D:2      | Reached skill level 1 in Shapeshifting
   939 | D:2      | Reached XP level 4. HP: 34/41 MP: 5/5
  1204 | D:2      | Reached skill level 1 in Conjurations
  1204 | D:2      | Reached skill level 1 in Hexes
  1204 | D:2      | Reached skill level 1 in Summonings
  1204 | D:2      | Reached skill level 1 in Necromancy
  1204 | D:2      | Reached skill level 1 in Translocations
  1204 | D:2      | Reached skill level 1 in Fire Magic
  1204 | D:2      | Reached skill level 1 in Ice Magic
  1204 | D:2      | Reached skill level 1 in Air Magic
  1204 | D:2      | Reached skill level 1 in Earth Magic
  1204 | D:2      | Reached skill level 1 in Alchemy
  1935 | D:3      | Found a sacrificial altar of Ru.
  1939 | D:3      | Noticed Grinder
  1941 | D:3      | Paralysed by Grinder for 3 turns
  1990 | D:3      | Killed Grinder
  1991 | D:3      | Reached skill level 5 in Axes
  1991 | D:3      | Reached XP level 5. HP: 27/47 MP: 5/8
  1991 | D:3      | Reached XP level 6. HP: 30/53 MP: 5/9
  2170 | D:3      | Identified the +3 quarterstaff "Qohed" {vamp, Will+ Int+3}
  2193 | D:3      | Noticed Jessica
  2202 | D:3      | Killed Jessica
  2648 | D:4      | Noticed Natasha
  2658 | D:4      | Killed Natasha
  2678 | D:4      | Reached XP level 7. HP: 46/60 MP: 10/10
  2731 | D:4      | Noticed Natasha
  2741 | D:4      | Killed Natasha
  2886 | D:4      | Got the Octavo of Fever
  2893 | D:4      | Noticed Natasha
  2899 | D:4      | Killed Natasha
  2933 | D:4      | Noticed Sigmund
  2943 | D:4      | Killed Sigmund
  2949 | D:4      | Identified the +9 flail of Quick Death {freeze, ^Drain
                  | Will++ Dex+4}
  2959 | D:4      | Reached XP level 8. HP: 37/67 MP: 12/12
  3193 | D:4      | Found a shimmering altar of Xom.
  3196 | D:4      | Found a shimmering altar of Xom.
  3351 | D:5      | Entered Level 5 of the Dungeon
  3378 | D:5      | Found Dazecs's Jewellery Shop.
  3650 | D:5      | Identified the +1 sling of Conformity {speed, rF+ rN+
                  | Str+2}
  3727 | D:5      | Slain by an ogre

Illustrated notes

Levels and vault maps discovered:
D:1:      dpeg_arrival_rooms_with_view, layout_basic, serial_shops, shop
D:2:      layout_loops_corners, cheibrodos_gnoll_hut
D:3:      layout_loops_ring, nicolae_ru_awakened_eye, minmay_door_square,
          chequers_serial_rivers_micro_b, uniq_grinder, uniq_jessica
D:4:      nicolae_cairo_tiling_large_dashed, layout_rooms, xom_redecorated,
          hangedman_decor_opposing, uniq_natasha, uniq_sigmund
D:5:      layout_basic, grunt_qazlal_sundering, serial_rivers,
          chequers_serial_rivers_micro_a, chequers_serial_rivers_micro_b,
          chequers_serial_rivers_small_3, chequers_serial_rivers_micro_d,
          chequers_serial_rivers_room_b, chequers_serial_rivers_small_b,
          serial_shops, nicolae_shop_statue_plus

Skill      XL: |  1  2  3  4  5  6  7  8 |
---------------+-------------------------+-----
Invocations    | 1 2 3 4 |  4.0
Short Blades   | 1 2 3 |  3.6
Long Blades    | 1 2 3 |  3.6
Maces & Flails | 1 2 3 |  3.6
Polearms       | 1 2 3 |  3.6
Staves         | 1 2 3 |  3.6
Ranged Weapons | 1 2 3 |  3.6
Throwing       | 1 2 3 |  3.6
Dodging        | 1 2 3 |  3.6
Stealth        | 1 2 3 |  3.6
Unarmed Combat | 1 2 3 |  3.6
Spellcasting   | 1 2 3 |  3.6
Evocations     | 1 2 3 |  3.6
Shapeshifting  | 1 2 3 |  3.3
Conjurations   | 1 2 3 |  3.0
Hexes          | 1 2 3 |  3.0
Summonings     | 1 2 3 |  3.0
Necromancy     | 1 2 3 |  3.0
Translocations | 1 2 3 |  3.0
Fire Magic     | 1 2 3 |  3.0
Ice Magic      | 1 2 3 |  3.0
Air Magic      | 1 2 3 |  3.0
Earth Magic    | 1 2 3 |  3.0
Alchemy        | 1 2 3 |  3.0
Axes           | 5 |  5.9
Fighting       | 7 |  7.6
Armour         | 7 |  7.6
Shields        | 7 |  7.6

Action                     |  1- 3 |  4- 6 |  7- 9 || total
---------------------------+-------+-------+-------++-------
  Melee: War axe           |    78 |    90 |    40 ||   208
         Bite              |     3 |    11 |    12 ||    26
         Flail             |       |       |    48 ||    48
    Use: Potion            |       |     1 |     2 ||     3
         Scroll            |       |       |     2 ||     2
 Armour: Scale mail        |    43 |    28 |       ||    71
         Chain mail        |       |    38 |    36 ||    74
         Skin              |       |       |     2 ||     2
  Dodge: Dodged            |    29 |    35 |    29 ||    93
  Block: Buckler           |    22 |    57 |    42 ||   121
         Reflection        |       |     1 |     1 ||     2

Table legend: (Time is in decaauts)
 A = Elapsed time spent in this place.
 B = Non-inter-level travel time spent in this place.
 C = Inter-level travel time spent in this place.
 D = Time resting spent in this place.
 E = Time spent auto-exploring this place.
 F = Levels seen in this place.
 G = Mean time per level.
                   A        B        C        D        E       F      G
               +--------+--------+--------+--------+--------+-----+--------+
         Total |   3809 |   3635 |    174 |      0 |   2885 |   5 |  761.8 |
       Dungeon |   3809 |   3635 |    174 |      0 |   2885 |   5 |  761.8 |
               +--------+--------+--------+--------+--------+-----+--------+

Top non-repeatable levels by time:
     D:2: 1124 daAuts
     D:1: 872 daAuts
     D:4: 735 daAuts
     D:3: 691 daAuts
     D:5: 386 daAuts
